Map: Dreamcatcher LE

Players

SpaceJam - Winner!

  • Race: Terran Terran
  • Spawn Location: 11:00

Pure

  • Race: Protoss Protoss
  • Spawn Location: 5:00

Event: WCS Montreal 2018

VOD

Have the link to the VOD?

Description

Time

  • Played on: Sept. 7, 2018, 1:24 p.m.
  • Length: 8:20

All games in this series

Show
View Real Time Build Order
Export as new Build Order

SpaceJam Terran - Winner!

Build Orders: Reaper Expand, MMM Bio 

Get SALT Encoding   

  12  0:01  SCV  
  13  0:13  SCV  
  14  0:17  Supply Depot  
  14  0:25  SCV  
  15  0:38  SCV  
  15  0:39  Barracks  
  16  0:44  Refinery  
  16  0:51  SCV  
  17  1:03  SCV  
  18  1:15  SCV  
  19  1:29  Reaper, Orbital Command  
  20  1:36  Barracks  
  20  1:48  Command Center  
  20  1:59  Barracks  
  20  2:03  Barracks Reactor  
  20  2:08  SCV  
  21  2:20  SCV, Refinery, Supply Depot  
  22  2:32  SCV  
  22  2:33  Factory  
  23  2:41  Marine x2  
  25  2:50  SCV  
  27  2:51  Barracks Tech Lab  
  26  2:59  Marine x2  
  27  3:08  SCV  
  27  3:09  Orbital Command  
  28  3:15  Stimpack  
  28  3:17  Marine  
  29  3:21  SCV  
  30  3:27  Starport  
  30  3:28  Marine  
  30  3:30  Factory Reactor  
  32  3:35  SCV  
  32  3:36  SCV  
  32  3:38  Marine  
  32  3:39  Marine  
  35  3:46  Marine  
  35  3:48  SCV, Supply Depot  
  37  3:51  SCV  
  37  3:54  Supply Depot  
  38  3:59  Marine x2  
  38  4:01  SCV  
  41  4:11  SCV  
  41  4:13  Medivac x2  
  41  4:14  Factory Tech Lab, Marine  
  47  4:18  SCV  
  47  4:21  Engineering Bay  
  47  4:23  Marine  
  49  4:24  Marine  
  49  4:28  SCV  
  51  4:32  Refinery  
  51  4:33  Marine  
  51  4:35  SCV  
  53  4:39  Supply Depot  
  53  4:43  Marine  
  54  4:50  SCV x2  
  54  4:51  Marine  
  54  4:52  Marine  
  58  4:56  Siege Tank  
  61  5:05  Liberator, Barracks  
  61  5:07  Supply Depot  
  61  5:11  SCV x2  
  63  5:15  Terran Infantry Weapons Level 1  
  63  5:24  Marine x2  
  68  5:29  Supply Depot  
  68  5:37  Marine  
  68  5:38  Siege Tank  
  68  5:40  Missile Turret  
  72  5:44  SCV x2  
  72  5:47  Supply Depot  
  74  5:51  Liberator  
  74  5:52  Missile Turret, Marine x2  
  74  5:54  Combat Shields  
  74  5:55  Marine  
  74  5:56  Marine  
  78  6:07  SCV  
  78  6:08  SCV  
  82  6:19  Marine  
  82  6:20  Marauder, SCV, Marine x2  
  82  6:24  Marine  
  90  6:32  Command Center  
  89  6:36  Supply Depot x2  
  89  6:37  Marine x2  
  91  6:43  SCV x2  
  91  6:45  Marine  
  94  6:49  Supply Depot  
  94  6:57  Marine x3  
  89  7:17  Marine x3  
  89  7:18  Marauder, Marine  
  95  7:23  SCV x2  
  95  7:29  Medivac, Siege Tank  
  99  7:35  Marine x2  
  90  7:45  SCV x2  
  90  7:49  Marine x2  
  90  7:50  Marauder  
  95  7:53  Marine x2  
  95  7:57  SCV  
  97  8:04  SCV  
Show
View Real Time Build Order
Export as new Build Order

Pure Protoss 

Build Orders: 1 Gate Expand, Blink Stalkers 

Get SALT Encoding   

  12  0:01  Probe  
  13  0:13  Probe  
  14  0:17  Pylon  
  14  0:25  Probe  
  15  0:34  Probe  
  15  0:36  Gateway  
  15  0:42  Probe  
  16  0:47  Assimilator  
  17  0:51  Probe  
  18  0:59  Probe  
  19  1:07  Probe  
  20  1:26  Nexus  
  20  1:29  Probe  
  21  1:33  Assimilator  
  21  1:40  Cybernetics Core  
  21  1:44  Probe  
  22  1:49  Assimilator  
  22  1:56  Pylon  
  22  1:59  Probe  
  23  2:06  Stalker  
  23  2:14  Probe  
  26  2:23  Twilight Council  
  26  2:26  Probe  
  27  2:33  Warp Gate  
  27  2:36  Stalker  
  29  2:39  Probe  
  29  2:41  Probe  
  31  2:46  Blink  
  30  2:58  Probe  
  31  3:07  Probe  
  31  3:08  Pylon  
  31  3:11  Probe  
  33  3:19  Stalker, Probe  
  35  3:23  Probe  
  35  3:25  Gateway  
  36  3:31  Gateway  
  36  3:33  Probe  
  37  3:37  Probe  
  38  3:45  Probe  
  39  3:52  Probe  
  39  3:55  Pylon  
  40  3:56  Pylon  
  40  3:58  Probe  
  41  4:04  Probe  
  42  4:10  Probe  
  42  4:14  Shield Battery  
  42  4:16  Probe  
  44  4:20  Assimilator  
  44  4:22  Probe, Assimilator  
  45  4:29  Probe  
  46  4:34  Probe  
  46  4:36  Stalker  
  46  4:37  Stalker x2  
  53  4:41  Probe  
  53  4:42  Robotics Facility  
  54  4:46  Probe  
  54  4:52  Shield Battery  
  55  4:53  Probe  
  55  4:55  Pylon  
  55  4:58  Probe  
  55  4:59  Shield Battery  
  57  5:03  Pylon  
  57  5:06  Probe  
  58  5:07  Stalker  
  58  5:10  Sentry  
  63  5:15  Stalker  
  64  5:29  Robotics Bay  
  64  5:31  Observer  
  64  5:33  Charge, Forge  
  64  5:35  Forge  
  64  5:36  Probe  
  64  5:39  Probe  
  67  5:49  Zealot  
  69  5:51  Stalker  
  69  5:52  Stalker  
  69  5:54  Probe x2  
  69  5:56  Observer  
  75  6:02  Protoss Ground Weapons Level 1  
  76  6:06  Probe  
  76  6:09  Nexus  
  77  6:13  Pylon, Protoss Ground Armor Level 1  
  77  6:15  Probe  
  77  6:28  Probe  
  77  6:31  Pylon  
  78  6:44  Pylon  
  78  6:49  Probe  
  85  7:00  Zealot  
  78  7:18  Zealot x2  
  67  7:24  Zealot  
  51  7:53  Zealot  
  51  7:54  Zealot x2  
  51  7:57  Cybernetics Core  
Tags
 
Add a new tag
Caveats
  • Supply blocks, unpowered buildings, or Contaminate may cause inaccurate times.
  • Supply counts are checked every 10 seconds.